 Dungeon Crawl Stone Soup version 0.22-a0-858-g985ef60 (webtiles) character file.

44 poirepourri the Chopper (level 3, -1/29 HPs)
             Began as a Formicid Fighter on July 27, 2018.
             Slain by a gnoll
             ... wielding a +0 halberd
              (9 damage)
             ... on level 2 of the Dungeon.
             The game lasted 00:00:58 (672 turns).

poirepourri the Chopper (Formicid Fighter)           Turns: 672, Time: 00:00:59

Health: -1/29      AC:  6    Str: 20    XL:     3   Next: 85%
Magic:  3/3        EV:  7    Int:  7    God:
Gold:   65         SH: 10    Dex: 11    Spells: 2/2 levels left

rFire    + . .     SeeInvis +   a - +0 war axe
rCold    . . .     Gourm    .   c - +1 shield
rNeg     . . .     Faith    .   b - +0 scale mail
rPois    +         Spirit   .   (helmet unavailable)
rElec    .         Reflect  .   (no cloak)
rCorr    .         Harm     .   (no gloves)
MR       .....                  (no boots)
Stlth    ..........             (no amulet)
HPRegen  0.09/turn              h - ring of poison resistance
MPRegen  0.08/turn              i - ring of protection from fire

@: no status effects
A: permanent stasis, dig shafts and tunnels, four strong arms, antennae 3
a: Dig, Shaft Self


You were on level 2 of the Dungeon.
You were full.

You visited 1 branch of the dungeon, and saw 2 of its levels.

You collected 65 gold pieces.

Inventory:

Hand Weapons
 a - a +0 war axe (weapon)
Armour
 b - a +0 scale mail (worn)
 c - a +1 shield (worn)
Jewellery
 h - a ring of poison resistance (left hand)
 i - a ring of protection from fire (right hand)
Potions
 d - a potion of might
 e - a potion of heal wounds
 f - a potion of brilliance {unknown}
 g - 2 potions of resistance {unknown}


   Skills:
 - Level 3.2 Fighting
 + Level 3.9 Axes
 - Level 3.2 Armour
 - Level 3.6 Shields


You had 2 spell levels left.
You didn't know any spells.
Your spell library was empty.

Dungeon Overview and Level Annotations

Branches:
Dungeon (2/15)

Altars:


Innate Abilities, Weirdness & Mutations

You cannot be hasted, slowed, berserked, paralysed or teleported.
You can dig through walls and to a lower floor.
Your four strong arms can wield two-handed weapons with a shield.
You have a pair of large antennae on your head. (SInv)


Message History

A gnoll is nearby!
A gnoll is nearby!
You see here a fizzy orange potion.
f - a fizzy orange potion The gnoll shouts!
You block the gnoll's attack.
You hit the gnoll.
The gnoll is moderately wounded.
You block the gnoll's attack.
You closely miss the gnoll.
The gnoll is moderately wounded.
You block the gnoll's attack. x2
You barely miss the gnoll.
The gnoll is moderately wounded.
The gnoll hits you with a halberd!
* * * LOW HITPOINT WARNING * * *
You closely miss the gnoll.
The gnoll is moderately wounded.
The gnoll hits you with a halberd!
You die...

.......)..#.....#
#..)(#+#...#.###### .
#....(.....#....#.+ # .#
#......g.....##.#.# .#
#.......#..#)##.#.# ..#
#.......#..#......# ....
.#...#.....g.........#...##
.#.###.......g##...........
... #..####..gg@...######
.. +... #.###....### #..#
#.# #......#######. #.. #.#
#....#......... .. ..#
#.............. #.#
##............. #.#
#.............#
#.............#
#.............#


You could see 4 gnolls.

Vanquished Creatures
  An adder (D:2)
  4 dart slugs
  4 bats (D:1)
  A giant cockroach (D:1)
  A goblin (D:2)
  7 hobgoblins
  2 frilled lizards (D:1)
  4 kobolds
  2 rats (D:1)
26 creatures vanquished.

Notes
Turn   | Place    | Note
-------+----------+-------------------------------------------
     0 | D:1      | poirepourri the Formicid Fighter began the quest for the Orb.
     0 | D:1      | Reached XP level 1. HP: 18/18 MP: 1/1
    57 | D:1      | Reached XP level 2. HP: 19/24 MP: 2/2
   262 | D:1      | Reached XP level 3. HP: 21/29 MP: 3/3
   672 | D:2      | Slain by a gnoll

Vault maps used:
D:1:      ebering_trefoil_3fold
D:2:      lemuel_crystal_altar, overflow_temple_1_default, first_ration

Skill      XL: |  1  2 |
---------------+-------+-----
Axes           | 3 |  3.9
Fighting       | |  3.2
Armour         | |  3.2
Shields        | |  3.6

Action                   || total
-------------------------++-------
Melee: War axe           ||    72
  Use: Scroll            ||     4
  Eat: Ration            ||     1
Armor: Scale mail        ||    24
Dodge: Dodged            ||    25
Block: Shield            ||    53

Table legend:
 A = Spawn XP
 B = Non-spawn XP
 C = Spawn XP percentage of total XP
 D = Spawn monster count
 E = Non-spawn monster count
 F = Spawn count percentage of total count
 G = Total turns spent on level
                    A         B        C        D         E        F      G
               +---------+---------+-------+---------+---------+-------+---------
         Total |       0 |      63 |   0.0 |       0 |      26 |   0.0 |   672
               +---------+---------+-------+---------+---------+-------+---------
           D:1 |       0 |      34 |   0.0 |       0 |      19 |   0.0 |   573
           D:2 |       0 |      29 |   0.0 |       0 |       7 |   0.0 |    99
               +---------+---------+-------+---------+---------+-------+---------
